 Dungeon Crawl Stone Soup version 0.20-a0-78-ge188847 (webtiles) character file.

18169 GlassEater the Basher (level 12, -9/92 HPs)
             Began as a Demonspawn Chaos Knight on Nov 19, 2016.
             Mangled by a white ugly thing (43 damage)
             ... on level 13 of the Dungeon.
             The game lasted 00:37:11 (12561 turns).

GlassEater the Basher (Demonspawn Chaos Knight)    Turns: 12561, Time: 00:37:12

Health: -9/92      AC: 13    Str: 10 (14) XL:     12   Next: 25%
Magic:  12/12      EV: 11    Int: 13 (14) God:    Xom [.*....]
Gold:   505        SH: 21    Dex: 16 (18) Spells: 0 memorised, 11 levels left

rFire  + + .     SeeInvis +     a - +9 mace (chaos)
rCold  x . .     Gourm    .     S - +2 scale mail {MR+}
rNeg   + . .     Faith    .     p - +0 shield
rPois  .         Spirit   .     (helmet unavailable)
rElec  +         Reflect  +     U - +1 cloak
rCorr  +         Harm     .     F - +1 pair of gloves of Xerukh {rC- Dex+4 Slay+3}
MR     +....                    (no boots)
Stlth  +.........               s - +2 amulet of reflection
                                j - ring of protection from fire
                                Q - ring of Veajunaa {rCorr rF+}

@: studying Earth Magic
A: antennae 3, hooves 1, large bone plates 3, demonic guardian 2, deterioration
2, negative energy resistance 1, electricity resistance, weak 1
a: Renounce Religion


You were on level 13 of the Dungeon.
You worshipped Xom.
You were a plaything of Xom.
You were not hungry.

You visited 1 branch of the dungeon, and saw 13 of its levels.

You collected 755 gold pieces.
You spent 250 gold pieces at shops.

Inventory:

Hand Weapons
 a - a +9 mace of chaos (weapon)
Missiles
 y - 22 tomahawks (quivered)
 A - 53 poisoned needles
 M - 2 throwing nets
 P - 7 poisoned javelins
Armour
 p - a +0 shield (worn)
 F - the +1 pair of gloves of Xerukh (worn) {rC- Dex+4 Slay+3}
   (Xom gifted it to you on level 7 of the Dungeon)

   It affects your dexterity (+4).
   It affects your accuracy and damage with ranged weapons and melee attacks
   (+3).
   It makes you vulnerable to cold.
 S - a +2 scale mail of magic resistance (worn)
 U - a +1 cloak (worn)
Jewellery
 j - a ring of protection from fire (right hand)
 s - a +2 amulet of reflection (around neck)
 x - an uncursed ring of poison resistance
 C - an uncursed ring of fire
 L - an uncursed amulet of guardian spirit
 O - an uncursed ring of positive energy
 Q - the ring of Veajunaa (left hand) {rCorr rF+}
   (You took it off a wizard on level 10 of the Dungeon)

   [ring of resist corrosion]

   It protects you from fire.
 T - a +5 ring of dexterity
Wands
 d - a wand of disintegration (20/24)
 h - a wand of paralysis (4/24)
 l - a wand of disintegration (13/24)
 z - a wand of flame (18/48)
 G - a wand of acid (9/15)
 I - a wand of digging (11/24)
 K - a wand of teleportation (5/9)
Scrolls
 b - a scroll of fear
 w - 5 scrolls of teleportation
 B - 5 scrolls of remove curse
 E - 6 scrolls of recharging
 J - a scroll of magic mapping
 N - a scroll of blinking
Potions
 f - 2 potions of invisibility
 i - 2 potions of lignification
 m - 2 potions of haste
 t - 2 potions of curing
 u - a potion of ambrosia
 v - a potion of berserk rage
 D - 2 potions of magic
 R - 2 potions of might
Books
 o - a manual of Earth Magic
Miscellaneous
 k - a disc of storms
Comestibles
 c - 15 bread rations
 g - 6 fruits
 n - 4 meat rations
 q - 2 slices of pizza
 r - 7 chunks of flesh
 H - 3 beef jerkies
 W - 14 royal jellies


   Skills:
 + Level 7.9 Fighting
 + Level 11.1 Maces & Flails
 + Level 4.5 Armour
 + Level 6.9 Dodging
 + Level 5.1 Stealth
 + Level 10.0 Shields


You had 11 spell levels left.
You didn't know any spells.

Dungeon Overview and Level Annotations

Branches:
Dungeon (13/15)            Temple (0/1) D:4            Lair (0/6) D:11
    Orc (0/2) D:9
 Vaults: D:13-14

Altars:
Elyvilon
Fedhas
Nemelex Xobeh
Qazlal
Ru
Sif Muna
Trog
Xom
Zin

Shops:
D:5 =   D:7 =   D:8 }?

Annotations:
D:13 Frances


Innate Abilities, Weirdness & Mutations

You have a pair of large antennae on your head. (SInv)
You are completely covered in large bone plates. (SH +8)
A demonic guardian rushes to your aid.
You resist negative energy. (rN+)
You have large cloven feet.
Your body often deteriorates upon taking damage.
You are resistant to electric shocks. (rElec)
You are weak. (Str -2)


Message History

You sock the worker ant!
You kill the worker ant!
The white ugly thing is no longer charmed.
You see here a worker ant corpse.
The white ugly thing kicks you! The white ugly thing freezes you!!!
You feel a terrible chill!
Xom thinks this is hilarious!
A shower of butterflies erupts from you!
You see here a worker ant corpse.
You hit the white ugly thing.
Space bends around the white ugly thing.
The white ugly thing is lightly wounded.
Unknown command.
You completely miss the white ugly thing.
You kick the white ugly thing, but do no damage.
The white ugly thing is lightly wounded.
The white ugly thing kicks you! The white ugly thing freezes you!!!
You feel a terrible chill!
You die...
Xom bursts into laughter!

# .# #.. .# ##
#.. .. .( # #..
.##.###.# #..
....#.C #...
....> #..# #..#
#
#.b####C.###..#
#.bb@u.b......#
#.3####..##...
#...{..........
##........##.#..
#.....#.#.# #
#.....#.#.#
#......#..#
#.....#.###
#)........


You could see Frances the frost giant, a white ugly thing and a friendly
sixfirhy.

Vanquished Creatures
  Gastronok (D:9)
  An anaconda (shapeshifter) (D:11)
  An unseen horror (D:10)
  3 hill giants
  2 wizards (D:10)
  A cyclops (D:13)
  A slime creature (D:11)
  3 trolls
  6 hippogriffs
  A spriggan (D:8)
  A wraith (D:12)
  A wyvern (D:11)
  8 yaks
  A basilisk (D:13)
  A steam dragon (D:11)
  A hungry ghost (D:12)
  Menkaure (D:6)
  A water moccasin (D:9)
  2 orc warriors
  3 black bears
  3 ice beasts
  4 sky beasts
  4 ogres
  2 phantoms
  A tengu (D:7)
  2 boggarts (D:10)
  4 centaurs
  2 big kobolds
  A gnoll sergeant (D:8)
  7 bullfrogs
  3 scorpions
  7 killer bees
  10 wights
  A howler monkey (D:5)
  9 crimson imps
  4 hounds
  5 jellies
  9 orc wizards
  A bullfrog skeleton (D:7)
  4 orc priests
  2 centaur skeletons (D:5)
  An iguana (D:6)
  15 worker ants
  A hound skeleton (D:8)
  A worker ant zombie (D:6)
  7 gnolls
  2 howler monkey skeletons
  12 adders
  A river rat (D:8)
  3 shadow imps
  An ooze (D:4)
  An adder skeleton (D:5)
  3 worms
  2 dart slugs
  5 leopard geckos
  44 orcs
  5 bats
  7 giant cockroaches
  5 hobgoblins
  7 jackals
  9 quokkas
  3 ball pythons (D:3)
  2 frilled lizards
  6 goblins
  15 kobolds
  2 leopard gecko skeletons
  2 quokka skeletons
  3 rats
290 creatures vanquished.

Vanquished Creatures (collateral kills)
  An iron dragon (D:12)
  A wizard (D:10)
  Pikel (D:8)
  3 hill giants (D:12)
  A deep elf mage (D:8)
  A troll (D:12)
  A slime creature (D:11)
  2 wyverns (D:8)
  7 yaks
  An orc warrior (D:11)
  2 ice beasts
  A boggart (D:10)
  2 ogres
  A gnoll sergeant (D:7)
  A wyvern skeleton (D:10)
  A killer bee (D:7)
  2 wights
  A howler monkey (D:10)
  A hound (D:3)
  2 orc wizards
  2 worker ants (D:12)
  A killer bee zombie (D:9)
  3 adders
  5 gnolls (D:7)
  An ooze (D:4)
  An adder skeleton (D:4)
  5 orcs
  A jackal (D:2)
52 creatures vanquished.

Vanquished Creatures (others)
  A dancing weapon (D:11)
  2 slaves (D:8)
  A wight (D:8)
  A worker ant (D:9)
  2 adders
  4 orcs
11 creatures vanquished.

Grand Total: 353 creatures vanquished

Notes
Turn   | Place    | Note
-------+----------+-------------------------------------------
     0 | D:1      | GlassEater the Demonspawn Chaos Knight began the quest for the Orb.
     0 | D:1      | Reached XP level 1. HP: 18/18 MP: 1/1
   264 | D:1      | Reached skill level 3 in Maces & Flails
   264 | D:1      | Gained mutation: You have a pair of small antennae on your head. [demonic ancestry]
   264 | D:1      | Reached XP level 2. HP: 14/24 MP: 2/2
   389 | D:1      | XOM: harmless Ice miscast
   421 | D:1      | XOM: harmless Divn miscast
   474 | D:1      | XOM: silly message
   567 | D:1      | XOM: silly message
   813 | D:1      | XOM: summons 1 hostile demon
  1005 | D:2      | Found a sparkling altar of Nemelex Xobeh.
  1031 | D:2      | Gained mutation: You are partially covered in large bone plates. (SH +4) [demonic ancestry]
  1031 | D:2      | Reached XP level 3. HP: 16/29 MP: 3/3
  1241 | D:2      | Reached skill level 1 in Dodging
  1853 | D:2      | XOM: 2-stop teleportation journey
  2004 | D:2      | XOM: harmless Summ miscast
  2131 | D:3      | XOM: 1-stop teleportation journey
  2141 | D:3      | XOM: noise
  2143 | D:3      | XOM: cast spell 'Metabolic Englaciation'
  2144 | D:3      | Gained mutation: You are mostly covered in large bone plates. (SH +6) [demonic ancestry]
  2144 | D:3      | Reached XP level 4. HP: 6/36 MP: 4/4
  2148 | D:3      | HP: 2/54 [orc priest/mace (4)]
  2153 | D:3      | Gained mutation: You have large cloven feet. [potion of mutation]
  2153 | D:3      | Gained mutation: You are resistant to electric shocks. (rElec) [potion of mutation]
  2153 | D:3      | Gained mutation: Your flesh is cold resistant. (rC+) [potion of mutation]
  2167 | D:3      | Reached skill level 4 in Maces & Flails
  2167 | D:3      | Gained mutation: A weak demonic guardian rushes to your aid. [demonic ancestry]
  2167 | D:3      | Reached XP level 5. HP: 6/42 MP: 5/5
  2487 | D:3      | XOM: divination: detect creatures
  2664 | D:3      | Found a blossoming altar of Fedhas.
  2664 | D:3      | Found a white marble altar of Elyvilon.
  2687 | D:3      | XOM: give mutations
  2687 | D:3      | Lost mutation: Your flesh is cold resistant. (rC+) [Xom's mischief]
  2687 | D:3      | Gained mutation: You are weak. (Str -2) [Xom's mischief]
  2687 | D:3      | Gained mutation: Your body sometimes deteriorates upon taking damage. [Xom's mischief]
  2720 | D:3      | XOM: noise
  2887 | D:3      | XOM: harmless Air miscast
  2950 | D:3      | Found a bloodstained altar of Trog.
  2980 | D:4      | Found a staircase to the Ecumenical Temple.
  2991 | D:4      | Reached skill level 1 in Shields
  3239 | D:4      | Reached XP level 6. HP: 48/48 MP: 6/6
  3243 | D:4      | XOM: mild Erth miscast
  3348 | D:5      | Entered Level 5 of the Dungeon
  3360 | D:5      | XOM: confusion (+ monsters)
  3568 | D:5      | XOM: medium Summ miscast
  3569 | D:5      | Noticed a small abomination
  3620 | D:5      | XOM: give mutations
  3620 | D:5      | Gained mutation: You are frail. (-10% HP) [Xom's mischief]
  3620 | D:5      | Gained mutation: Your body often deteriorates upon taking damage. [Xom's mischief]
  3695 | D:5      | XOM: destruction
  3753 | D:5      | XOM: summons friendly shadow imp
  3756 | D:5      | Reached skill level 5 in Maces & Flails
  3766 | D:5      | Gained mutation: You have a pair of antennae on your head. [demonic ancestry]
  3766 | D:5      | Reached XP level 7. HP: 28/48 MP: 7/7
  3786 | D:5      | XOM: give mutations
  3786 | D:5      | Lost mutation: You are frail. (-10% HP) [Xom's mischief]
  3786 | D:5      | Gained mutation: You are dopey. (Int -2) [Xom's mischief]
  3898 | D:5      | XOM: silly message
  3934 | D:5      | Found Diacro's Jewellery Boutique.
  3945 | D:5      | XOM: smoke on damage
  4294 | D:5      | XOM: harmless Tloc miscast
  4405 | D:5      | XOM: god gift: forked bone wand {god gift}
  4697 | D:5      | XOM: harmless Pois miscast
  4806 | D:5      | XOM: cast spell 'Leda's Liquefaction'
  4861 | D:6      | Noticed Menkaure
  4871 | D:6      | Killed Menkaure
  4944 | D:6      | Reached XP level 8. HP: 45/60 MP: 8/8
  5030 | D:6      | XOM: enchant monster (good)
  5246 | D:6      | Reached skill level 6 in Maces & Flails
  5277 | D:6      | XOM: divination: detect creatures
  5341 | D:6      | Reached skill level 1 in Stealth
  5361 | D:6      | Found a sacrificial altar of Ru.
  5389 | D:6      | XOM: harmless Divn miscast
  5475 | D:6      | XOM: divination: detect creatures
  5495 | D:6      | XOM: cast spell 'Spider Form'
  5541 | D:6      | XOM: confuse monster(s)
  5664 | D:7      | Noticed Prince Ribbit
  5667 | D:7      | XOM: cast spell 'Call Canine Familiar'
  5671 | D:7      | XOM: silly message
  5688 | D:7      | Noticed Prince Ribbit
  5688 | D:7      | Prince Ribbit changed into Prince Ribbit the tengu
  5694 | D:7      | Killed Prince Ribbit the tengu
  5694 | D:7      | Reached skill level 5 in Shields
  5766 | D:7      | XOM: god gift: glowing hand axe {god gift}
  5830 | D:7      | XOM: fake destruction
  6017 | D:7      | XOM: 1-stop teleportation journey
  6066 | D:7      | Gained mutation: A demonic guardian rushes to your aid. [demonic ancestry]
  6066 | D:7      | Reached XP level 9. HP: 67/67 MP: 9/9
  6090 | D:7      | XOM: 4-stop teleportation journey
  6091 | D:7      | XOM: scenery: create altars
  6177 | D:7      | Reached skill level 7 in Maces & Flails
  6177 | D:7      | XOM: polymorph kobold -> quokka
  6238 | D:7      | Found Biec's Jewellery Shop.
  6372 | D:7      | Found a deep blue altar of Sif Muna.
  6459 | D:7      | XOM: god gift: pair of fine gloves {god gift}
  6466 | D:7      | Got a pair of fine gloves {god gift}
  6477 | D:7      | Identified the +1 pair of gloves of Xerukh {rC- Dex+4 Slay+3} (Xom gifted it to you on level 7 of the Dungeon)
  6584 | D:8      | Reached skill level 5 in Fighting
  6903 | D:8      | Found a glowing silver altar of Zin.
  6938 | D:8      | Noticed a deep elf mage
  6938 | D:8      | XOM: cleaving
  6943 | D:8      | Killed a deep elf mage
  6999 | D:8      | Noticed Pikel
  7001 | D:8      | XOM: fake destruction
  7003 | D:8      | Killed Pikel
  7003 | D:8      | Reached skill level 8 in Maces & Flails
  7135 | D:8      | Found Teoxzoplasch's Gadget Shoppe.
  7160 | D:8      | XOM: polymorph kobold -> giant cockroach
  7249 | D:8      | Gained mutation: You resist negative energy. (rN+) [demonic ancestry]
  7249 | D:8      | Reached XP level 10. HP: 76/76 MP: 10/10
  7537 | D:8      | Found Enkel's Magic Scroll Shoppe.
  7566 | D:8      | Bought a scroll of identify for 20 gold pieces
  7566 | D:8      | Bought a scroll of blinking for 75 gold pieces
  7566 | D:8      | Bought a scroll of identify for 20 gold pieces
  7566 | D:8      | Bought a scroll of identify for 20 gold pieces
  7566 | D:8      | Bought a scroll of identify for 20 gold pieces
  7566 | D:8      | Bought a scroll of recharging for 95 gold pieces
  7602 | D:8      | Reached skill level 5 in Dodging
  7706 | D:8      | XOM: scenery: create altars
  7869 | D:8      | XOM: god gift: dented amethyst amulet {god gift}
  8192 | D:8      | XOM: god gift: scale mail {god gift}
  8293 | D:8      | XOM: give mutations
  8293 | D:8      | Gained mutation: You are completely covered in large bone plates. (SH +8) [Xom's grace]
  8293 | D:8      | Lost mutation: You are dopey. (Int -2) [Xom's grace]
  8360 | D:9      | Found a staircase to the Orcish Mines.
  8409 | D:9      | XOM: enchant monster (good)
  8411 | D:9      | Noticed Gastronok
  8441 | D:9      | Killed Gastronok
  8441 | D:9      | Reached skill level 9 in Maces & Flails
  8948 | D:10     | Entered Level 10 of the Dungeon
  9069 | D:10     | You fall through a shaft for 2 floors!
  9195 | D:11     | Found a deep blue altar of Sif Muna.
  9216 | D:11     | XOM: confuse monster(s)
  9445 | D:10     | Noticed a hill giant
  9449 | D:10     | Reached XP level 11. HP: 83/83 MP: 11/11
  9458 | D:10     | Killed a hill giant
  9461 | D:10     | XOM: divination: magic mapping
  9544 | D:10     | XOM: blink monster(s)
  9640 | D:10     | Noticed a hill giant
  9645 | D:10     | XOM: mild Air miscast
  9651 | D:10     | Noticed a wizard
  9656 | D:10     | XOM: confusion (+ monsters)
  9670 | D:10     | Killed a wizard
  9670 | D:10     | Reached skill level 10 in Maces & Flails
  9704 | D:10     | XOM: mild Chrm miscast
  9822 | D:10     | Noticed a wizard
  9826 | D:10     | Killed a wizard
  9857 | D:10     | XOM: mild Tloc miscast
 10042 | D:10     | Noticed a wizard
 10050 | D:10     | Killed a wizard
 10052 | D:10     | Got a faintly glowing granite ring
 10053 | D:10     | Got a brightly glowing great sword {antimagic}
 10270 | D:10     | XOM: harmless Divn miscast
 10360 | D:10     | Killed an unseen horror
 10524 | D:11     | XOM: harmless Air miscast
 10536 | D:11     | XOM: noise
 10542 | D:11     | XOM: god gift: scroll labeled BAIMUS PIGUI {god gift}
 10643 | D:11     | XOM: god gift: 14 royal jellies
 10724 | D:11     | Noticed a hill giant
 10753 | D:11     | Killed a hill giant
 10836 | D:11     | Found a staircase to the Lair.
 10836 | D:11     | XOM: 7-stop teleportation journey
 11178 | D:11     | Noticed a hill giant
 11188 | D:11     | XOM: cleaving
 11191 | D:11     | XOM: scenery: 1 doors close
 11194 | D:11     | Noticed a wolf spider
 11194 | D:11     | a hill giant changed into a wolf spider
 11194 | D:11     | XOM: fake destruction
 11195 | D:11     | Noticed a great orb of eyes
 11195 | D:11     | a wolf spider changed into a great orb of eyes
 11196 | D:11     | Noticed an eight-headed hydra
 11196 | D:11     | a great orb of eyes changed into an eight-headed hydra
 11198 | D:11     | XOM: confusion (+ monsters)
 11199 | D:11     | Noticed a great orb of eyes
 11199 | D:11     | an eight-headed hydra changed into a great orb of eyes
 11202 | D:11     | XOM: potion effect (agility)
 11203 | D:11     | a great orb of eyes changed into a slime creature
 11208 | D:11     | Noticed a swamp dragon
 11208 | D:11     | a merfolk changed into a swamp dragon
 11212 | D:11     | a swamp dragon changed into a torpor snail
 11217 | D:11     | Noticed a sea snake
 11217 | D:11     | a torpor snail changed into a sea snake
 11220 | D:11     | XOM: potion effect (berserk rage)
 11220 | D:11     | Noticed an anaconda
 11220 | D:11     | a sea snake changed into an anaconda
 11221 | D:11     | XOM: potion effect (invisibility)
 11224 | D:11     | Killed an anaconda
 11265 | D:11     | XOM: potion effect (might)
 11650 | D:12     | Identified the ring of Veajunaa {rCorr rF+} (You took it off a wizard on level 10 of the Dungeon)
 11668 | D:12     | Noticed a hill giant
 11672 | D:12     | Noticed a hill giant
 11673 | D:12     | Noticed a hill giant
 11673 | D:12     | Noticed a hill giant
 11674 | D:12     | Killed a hill giant
 11677 | D:12     | Noticed an iron dragon
 11697 | D:12     | XOM: butterfly on damage
 11702 | D:12     | Gained mutation: You have a pair of large antennae on your head. (SInv) [demonic ancestry]
 11702 | D:12     | Reached XP level 12. HP: 61/91 MP: 12/12
 11714 | D:12     | Killed an iron dragon
 11714 | D:12     | Reached skill level 11 in Maces & Flails
 11718 | D:12     | Reached skill level 5 in Stealth
 11932 | D:12     | XOM: harmless Divn miscast
 12032 | D:12     | Found a stormy altar of Qazlal.
 12245 | D:12     | XOM: summons 6 hostile demons
 12392 | D:13     | Reached skill level 10 in Shields
 12427 | D:13     | Noticed Frances
 12431 | D:13     | XOM: noise
 12435 | D:13     | Noticed Frances
 12435 | D:13     | Frances changed into Frances the frost giant
 12435 | D:13     | XOM: polymorph Frances -> Frances the frost giant
 12444 | D:13     | XOM: polymorph rust devil -> ice devil
 12544 | D:13     | XOM: 2-stop teleportation journey
 12545 | D:13     | XOM: enchant monster (good)
 12554 | D:13     | XOM: harmless Tloc miscast
 12559 | D:13     | XOM: butterfly on damage
 12561 | D:13     | Mangled by a white ugly thing

Vault maps used:
D:1:      co_arrival_square_in_a_square_in_a_square, grunt_decor_one_mirror
D:2:      nemelex_altar_shiori, first_bread, kennysheep_generic_room_15
D:3:      gammafunk_temple_overflow_statue, lightli_sewer_entry_pipes, trog_book
D:5:      kennysheep_windowed_goal
D:6:      nicolae_ru_the_path_less_chosen, uniq_menkaure
D:7:      led_sif_pool, serial_shops, shop, minmay_misc_feat_rugged,
          uniq_prince_ribbit1
D:8:      minmay_diamond_stairs, kennysheep_mini_moat, serial_shops, shop,
          nicolae_shop_waterfront, enter_bailey_8, the_bakery,
          corexii_corridor_pit, nrook_mini_vaults, hex_large, moated_statue,
          uniq_pikel
D:9:      orc_0_dummy, minmay_splitting_lines, uniq_gastronok
D:10:     minmay_smoke_and_mirrors
D:11:     lair_entry_dummy, basic_altar, hangedman_decor_points, minivault_4
D:12:     minmay_roctagon, basic_altar
D:13:     uniq_frances

Skill      XL: |  1  2  3  4  5  6  7  8  9 10 11 12 |
---------------+-------------------------------------+-----
Maces & Flails | 3 4 5 6 8 9 10 11 | 11.1
Dodging        | 1 2 3 4 5 6 |  6.9
Armour         | 2 3 4 |  4.5
Shields        | 1 2 4 5 6 8 9 10 | 10.0
Fighting       | 4 5 6 7 |  7.9
Stealth        | 1 2 4 5 |  5.1

Action                   |  1- 3 |  4- 6 |  7- 9 | 10-12 || total
-------------------------+-------+-------+-------+-------++-------
Melee: Mace              |   146 |   122 |   365 |   502 ||  1135
       Kick              |       |    20 |    82 |   174 ||   276
  Use: Scroll            |     5 |     8 |     7 |    15 ||    35
       Potion            |     2 |     7 |       |     6 ||    15
 Stab: Paralysed         |     3 |       |     2 |     2 ||     7
       Sleeping          |       |       |       |     5 ||     5
       Distracted        |       |       |       |     4 ||     4
       Confused          |       |       |       |     3 ||     3
       Invisible         |       |       |       |     4 ||     4
  Eat: Chunk             |     4 |     6 |    11 |    13 ||    34
       Meat ration       |       |       |       |     1 ||     1
Armor: Leather armour    |    67 |    24 |    62 |    80 ||   233
       Skin              |       |    30 |       |       ||    30
       Scale mail        |       |       |       |     1 ||     1
Dodge: Dodged            |    90 |    43 |   105 |   165 ||   403
Block: Shield            |    34 |   117 |   343 |   465 ||   959
       Other             |    14 |       |       |       ||    14
       Reflection        |       |     3 |     9 |    17 ||    29
